 Dungeon Crawl Stone Soup version 0.20.0-15-g7f486f2 (webtiles) character file.

2536 Malak the Slinger (level 9, 0/53 (54) HPs)
             Began as a Halfling Hunter on June 18, 2017.
             Was a Follower of Ashenzari.
             Slain by an unseen horror (10 damage)
             ... on level 7 of the Dungeon.
             The game lasted 00:23:00 (5147 turns).

Malak the Slinger (Halfling Hunter)                 Turns: 5147, Time: 00:23:01

HP:   0/53 (54)     AC:  7    Str: 13    XL:     9   Next: 85%
MP:   9/9           EV: 21    Int:  9    God:    Ashenzari [*.....]
Gold: 366           SH:  0    Dex: 18    Spells: 8/8 levels left

rFire    . . .     SeeInvis .   a - +2 hunting sling (curse)
rCold    . . .     Gourm    .   (shield restricted)
rNeg     . . .     Faith    .   H - +0 troll leather armour (curse) {Purgy}
rPois    .         Spirit   .   (no helmet)
rElec    .         Reflect  .   (no cloak)
rCorr    .         Harm     .   (no gloves)
MR       .....                  e - +2 pair of boots (curse)
Stlth    ..........             J - amulet of regeneration
Regen    1.0/turn               z - ring of loudness (curse)
MPRegen  0.2/turn               M - ring of loudness (curse)

@: no status effects
A: mutation resistance 1
a: Curse Item, Scrying, Renounce Religion


You were on level 7 of the Dungeon.
You worshipped Ashenzari.
Ashenzari was aware of your devotion.
You were not hungry.

You visited 1 branch of the dungeon, and saw 7 of its levels.
You also visited: Sewer.

You collected 366 gold pieces.

Inventory:

Hand Weapons
 a - a cursed +2 hunting sling (weapon)
 b - a +0 short sword
 E - a +0 blowgun
Missiles
 d - 91 sling bullets
 g - 67 stones (quivered)
 F - 9 poisoned needles
Armour
 c - a +0 leather armour
 e - a cursed +2 pair of boots (worn)
 i - a +0 robe
 u - a +0 ring mail
 B - a +0 chain mail
 H - a cursed +0 troll leather armour (worn) {Purgy}
Jewellery
 z - a cursed ring of loudness (left hand)
 A - an uncursed ring of stealth
 J - an amulet of regeneration (around neck)
 L - an uncursed ring of poison resistance
 M - a cursed ring of loudness (right hand)
Wands
 v - a wand of polymorph (8/24)
 y - a wand of iceblast (8/15)
 I - a wand of acid (11/15)
Scrolls
 j - a scroll of identify
 l - a scroll of random uselessness
 m - 2 scrolls of blinking
 o - 4 scrolls of fear
 s - 2 scrolls of magic mapping
 w - 2 scrolls of amnesia
 D - 3 scrolls of teleportation
 G - 2 scrolls of recharging
 P - a scroll of fog {unknown}
 Q - a scroll of enchant armour {unknown}
Potions
 h - 2 potions of cancellation {unknown}
 n - 2 potions of heal wounds {unknown}
 p - 2 potions of curing {unknown}
 q - a potion of haste {unknown}
 t - 2 potions of berserk rage {unknown}
 x - 2 potions of resistance {unknown}
 K - 3 potions of flight {unknown}
 N - 2 potions of lignification {unknown}
 O - a potion of brilliance {unknown}
Comestibles
 f - 2 bread rations
 k - 4 meat rations
 r - a chunk of flesh
 C - a royal jelly


   Skills:
 - Level 1.7 Fighting
 - Level 14.2 Slings
 + Level 9.1 Dodging
 - Level 1.1 Stealth


You had 8 spell levels left.
You didn't know any spells.

Dungeon Overview and Level Annotations

Branches:
Dungeon (7/15)             Temple (0/1) D:6

Altars:
Ashenzari
Makhleb
Trog

Shops:
D:6 *


Innate Abilities, Weirdness & Mutations

You are small and have problems with some larger weapons.
You are somewhat resistant to further mutation.


Message History

You kill the shadow imp!
Firing (i - inventory. (,) - cycle):
g - 71 stones (quivered)
Press: ? - help, Shift-Dir - straight line You shoot a stone.
Something hits you!
Firing (i - inventory. (,) - cycle):
g - 70 stones (quivered)
Press: ? - help, Shift-Dir - straight line You shoot a stone.
Something hits you.
Firing (i - inventory. (,) - cycle):
g - 69 stones (quivered)
Press: ? - help, Shift-Dir - straight line You shoot a stone.
Something hits you!
Firing (i - inventory. (,) - cycle):
g - 68 stones (quivered)
Press: ? - help, Shift-Dir - straight line You shoot a stone.
Something hits you!
* * * LOW HITPOINT WARNING * * *
Something hits you.
* * * LOW HITPOINT WARNING * * *
Things that are here:
2 stones; a worker ant corpse Something hits you!
You die...

... (.(... ..
#(..( . #.
#(..#.#
#.##(..#.##.
#..>(.......
#..(.......(
#(.(?...(#
#.+.{((($W.+
#.#.@.(....#
#.#...(..(..#
#.#'#######.#
#...........#
#...........#
#......<....#
#...........#
#.#.......#.#
#.#########.#


You could see a phantom.

Vanquished Creatures
  The ghost of Quirk the Carver, a novice DsFi (D:6)
  Grinder (D:5)
  The ghost of Malak the Cutter, an amateur HaFi (D:3)
  Menkaure (D:6)
  2 water moccasins (D:6)
  An ice beast (D:6)
  Purgy (Sewer)
  A necrophage (D:6)
  A phantom (D:5)
  An ogre (D:4)
  A centaur (D:6)
  A bullfrog (D:6)
  A howler monkey (D:6)
  2 crimson imps
  3 hounds
  3 orc priests
  A bullfrog skeleton (D:4)
  A jelly (D:7)
  An orc wizard (D:4)
  Natasha (thrice) (D:3)
  6 worker ants
  2 worker ant zombies
  4 gnolls (D:3)
  6 adders
  2 river rats (D:4)
  A shadow imp (D:7)
  3 oozes
  3 worms
  4 dart slugs
  4 leopard geckos
  19 orcs
  8 giant cockroaches
  7 goblins
  6 hobgoblins
  14 jackals
  A quokka (D:5)
  3 ball pythons
  9 bats
  8 frilled lizards
  6 kobolds
  A leopard gecko skeleton (D:5)
  6 rats
151 creatures vanquished.

Notes
Turn   | Place    | Note
-------+----------+-------------------------------------------
     0 | D:1      | Malak the Halfling Hunter began the quest for the Orb.
     0 | D:1      | Reached XP level 1. HP: 14/14 MP: 1/1
    44 | D:1      | Reached skill level 6 in Slings
    44 | D:1      | Reached XP level 2. HP: 19/19 MP: 2/2
   185 | D:1      | Reached skill level 7 in Slings
   185 | D:1      | Reached XP level 3. HP: 23/24 MP: 3/3
   724 | D:2      | Reached XP level 4. HP: 29/29 MP: 4/4
   725 | D:2      | Found a faded altar of an unknown god.
  1040 | D:2      | Reached skill level 8 in Slings
  1326 | D:3      | Reached XP level 5. HP: 34/34 MP: 5/5
  1384 | D:3      | Noticed Natasha
  1393 | D:3      | Killed Natasha
  1393 | D:3      | Reached skill level 9 in Slings
  1475 | D:3      | Found a shattered altar of Ashenzari.
  1689 | D:3      | Reached XP level 6. HP: 39/39 MP: 6/6
  1693 | D:3      | Noticed Malak's ghost (amateur HaFi)
  1716 | D:3      | Killed Malak's ghost
  1716 | D:3      | Reached skill level 10 in Slings
  1797 | D:3      | Noticed Natasha
  1802 | D:3      | Killed Natasha
  2036 | D:3      | Noticed Natasha
  2045 | D:3      | Killed Natasha
  2045 | D:3      | Reached skill level 11 in Slings
  2045 | D:3      | Reached XP level 7. HP: 34/44 MP: 7/7
  2135 | D:3      | Became a worshipper of Ashenzari the Shackled
  2392 | D:4      | Reached skill level 12 in Slings
  2589 | D:4      | Found a glowing drain.
  2633 | Sewer    | Entered a sewer
  2797 | Sewer    | Noticed Purgy
  2816 | Sewer    | Killed Purgy
  2816 | Sewer    | Reached XP level 8. HP: 48/49 MP: 8/8
  3290 | D:5      | Entered Level 5 of the Dungeon
  3510 | D:5      | Reached skill level 13 in Slings
  3674 | D:5      | Found a bloodstained altar of Trog.
  3715 | D:5      | Noticed Grinder
  3716 | D:5      | Paralysed by Grinder for 2 turns
  3726 | D:5      | Paralysed by Grinder for 2 turns
  3729 | D:5      | Killed Grinder
  3882 | D:5      | Reached * piety under Ashenzari
  4139 | D:5      | Found a burning altar of Makhleb.
  4208 | D:5      | Reached skill level 14 in Slings
  4445 | D:6      | Found a staircase to the Ecumenical Temple.
  4479 | D:6      | Reached XP level 9. HP: 27/53 MP: 9/9
  4563 | D:6      | Noticed Menkaure
  4574 | D:6      | Killed Menkaure
  4574 | D:6      | Reached skill level 5 in Dodging
  4796 | D:6      | Noticed Quirk's ghost (novice DsFi)
  4883 | D:6      | Killed Quirk's ghost
  4897 | D:6      | Identified the cursed +1 hand axe of Infinite Pain {flame, rElec Int+6}
  4999 | D:6      | Found Paneeth's Serpentskin Sales.
  5147 | D:7      | Slain by an unseen horror

Skill      XL: |  1  2  3  4  5  6  7  8  9 |
---------------+----------------------------+-----
Slings         | 6 7 8 9 11 12 14 | 14.2
Dodging        | 4 9 |  9.1
Fighting       | |  1.7
Stealth        | |  1.1

Action                   |  1- 3 |  4- 6 |  7- 9 || total
-------------------------+-------+-------+-------++-------
 Fire: Hunting sling     |    60 |   135 |   412 ||   607
Invok: Curse Item        |       |       |     3 ||     3
  Use: Scroll            |     1 |       |    10 ||    11
  Eat: Chunk             |       |     3 |     5 ||     8
       Bread ration      |       |       |     1 ||     1
Armor: Leather armour    |     2 |     1 |     9 ||    12
       Troll leather arm |       |       |    32 ||    32
Dodge: Dodged            |     8 |    11 |   136 ||   155
